 Dungeon Crawl Stone Soup version 0.30-a0-377-g5cb311bc9f (webtiles) character file.

Game seed: 5337259986769592912

59 porpoise the Shooter (level 4, -11/27 HPs)
             Began as a Tengu Hunter on Nov 29, 2022.
             Mangled by a gnoll sergeant
             ... wielding a +0 trident
              (15 damage)
             ... on level 2 of the Dungeon.
             The game lasted 00:05:22 (1035 turns).

porpoise the Shooter (Tengu Hunter)                 Turns: 1035, Time: 00:05:23

Health: -11/27     AC:  3    Str: 11    XL:     4   Next: 3%
Magic:  5/5        EV: 16    Int: 10    God:
Gold:   40         SH:  0    Dex: 19    Spells: 3/3 levels left

rFire   . . .      SeeInvis .    a - +0 shortbow
rCold   + . .      Faith    .    (shield currently unavailable)
rNeg    . . .      Spirit   .    c - +0 leather armour
rPois   .          Reflect  .    (helmet restricted)
rElec   .          Harm     .    (no cloak)
rCorr   .          Rampage  .    (no gloves)
Will    .....                    (boots unavailable)
Stlth   ++........               (no amulet)
HPRegen 0.24/turn                m - ring of protection from cold
MPRegen 0.09/turn                n - +4 ring of evasion

@: no status effects
A: beak, talons 3
a: no special abilities


You were on level 2 of the Dungeon.
You visited 1 branch of the dungeon, and saw 2 of its levels.

You collected 40 gold pieces.

Inventory:

Hand Weapons
 a - a +0 shortbow (weapon)
Missiles
 e - 2 poisoned darts
 g - 5 boomerangs
 o - 2 throwing nets
Armour
 c - a +0 leather armour (worn)
Jewellery
 k - a ring of magical power
 m - a ring of protection from cold (left hand)
 n - a +4 ring of evasion (right hand)
Scrolls
 b - a scroll of immolation
 d - a scroll of amnesia {unknown}
 i - a scroll of identify {unknown}
 l - a scroll of teleportation {unknown}
Potions
 h - a potion of attraction {unknown}
 j - a potion of haste {unknown}


   Skills:
 + Level 2.8 Fighting
 * Level 5.5 Ranged Weapons
 - Level 2.1 Dodging
 - Level 1.0 Stealth


You had 3 spell levels left.
You didn't know any spells.
Your spell library was empty.

Dungeon Overview and Level Annotations

Branches:
Dungeon (2/15)

Altars:


Innate Abilities, Weirdness & Mutations

You have a beak for a mouth.
You have claws for feet.


Message History

* * * LOW HITPOINT WARNING * * *
It was a potion of heal wounds.
You feel much better. The gnoll sergeant closely misses you.
Fire: a) +0 shortbow
Press: ? - help, Q - select action, (/) - cycle Shift-Dir - straight line, f/p - gnoll sergeant
Aim: a gnoll sergeant, wielding a +0 trident and wearing a +0 ring mail (lightly wounded, 71% to hit)
You shoot an arrow. The arrow hits the gnoll sergeant.
The gnoll sergeant is moderately wounded.
The gnoll sergeant hits you from afar with a +0 trident.
The gnoll sergeant barely misses you.
Fire: a) +0 shortbow
Press: ? - help, Q - select action, (/) - cycle Shift-Dir - straight line, f/p - gnoll sergeant
Aim: a gnoll sergeant, wielding a +0 trident and wearing a +0 ring mail (moderately wounded, 71% to hit)
You shoot an arrow. The arrow hits the gnoll sergeant.
The gnoll sergeant is heavily wounded.
The gnoll sergeant hits you from afar with a +0 trident!
Fire: a) +0 shortbow
Press: ? - help, Q - select action, (/) - cycle Shift-Dir - straight line, f/p - gnoll sergeant
Aim: a gnoll sergeant, wielding a +0 trident and wearing a +0 ring mail (heavily wounded, 71% to hit)
You shoot an arrow. The arrow hits the gnoll sergeant.
The gnoll sergeant is severely wounded.
The gnoll sergeant hits you from afar with a +0 trident!
* * * LOW HITPOINT WARNING * * *
Fire: a) +0 shortbow
Press: ? - help, Q - select action, (/) - cycle Shift-Dir - straight line, f/p - gnoll sergeant
Aim: a gnoll sergeant, wielding a +0 trident and wearing a +0 ring mail (severely wounded, 71% to hit)
You shoot an arrow.
The arrow hits the gnoll sergeant but does no damage.
The gnoll sergeant is severely wounded.
The gnoll sergeant closely misses you.
Fire: a) +0 shortbow
Press: ? - help, Q - select action, (/) - cycle Shift-Dir - straight line, f/p - gnoll sergeant
Aim: a gnoll sergeant, wielding a +0 trident and wearing a +0 ring mail (severely wounded, 71% to hit)
You shoot an arrow.
The arrow closely misses the gnoll sergeant.
The arrow hits the gnoll!
The gnoll is severely wounded.
The gnoll sergeant hits you from afar with a +0 trident!
Ouch! That really hurt!
You die...

##.## #.# #.# #.# #.#
### #.# ♣♣♣♣♣ #.#
♣)... #.# ♣♣♣?.# #.#
♣♣♣....#.. #.#
####♣♣)..♣..#...# #.#
#.@.ggg.....'..).
#.####.##♣♣....♣.#...#
#.......# ♣♣♣.)..#...#
######### ♣♣♣..#####
♣...)♣ ♣♣♣♣♣


You could see a gnoll sergeant and 2 gnolls.

Vanquished Creatures
  2 gnolls (D:2)
  An adder (D:2)
  A worm (D:2)
  4 ball pythons
  An endoplasm (D:2)
  2 giant cockroaches
  A goblin (D:1)
  4 hobgoblins (D:1)
  5 kobolds
  A quokka (D:2)
  A bat (D:2)
  2 frilled lizards
  3 rats
28 creatures vanquished.

Notes
Turn   | Place    | Note
-------+----------+-------------------------------------------
     0 | D:1      | porpoise the Tengu Hunter began the quest for the Orb.
     0 | D:1      | Reached XP level 1. HP: 12/12 MP: 2/2
   126 | D:1      | Reached XP level 2. HP: 17/17 MP: 3/3
   615 | D:1      | Found a faded altar of an unknown god.
   794 | D:2      | Reached skill level 5 in Ranged Weapons
   869 | D:2      | Reached XP level 3. HP: 22/22 MP: 4/4
  1011 | D:2      | Reached XP level 4. HP: 27/27 MP: 5/5
  1017 | D:2      | Noticed a gnoll sergeant
  1018 | D:2      | Found the +3 woodcutter's axe {vorpal}
  1035 | D:2      | Mangled by a gnoll sergeant

Illustrated notes

Levels and vault maps discovered:
D:1:      dpeg_arrival_shelter, layout_basic, serial_bayou,
          serial_bayou_shore_a, serial_bayou_pond_b, serial_bayou_pond_b,
          serial_bayou_pond_e, ebering_ecumenical_altar_rust
D:2:      layout_loops_ring, pf_guarded_unrand_woodcutter, uniq_terence

Skill      XL: |  1  2 |
---------------+-------+-----
Ranged Weapons | 5 |  5.5
Fighting       | |  2.8
Dodging        | |  2.1
Stealth        | |  1.0

Action                   |  1- 3 |  4- 6 || total
-------------------------+-------+-------++-------
 Fire: Shortbow          |    80 |     9 ||    89
  Use: Potion            |       |     1 ||     1
Armor: Leather armour    |     4 |       ||     4
Dodge: Dodged            |    11 |     4 ||    15

Table legend: (Time is in decaauts)
 A = Elapsed time spent in this place.
 B = Non-inter-level travel time spent in this place.
 C = Inter-level travel time spent in this place.
 D = Time resting spent in this place.
 E = Time spent auto-exploring this place.
 F = Levels seen in this place.
 G = Mean time per level.
                   A        B        C        D        E       F      G
               +--------+--------+--------+--------+--------+-----+--------+
         Total |   1089 |   1009 |     80 |    119 |    682 |   2 |  544.5 |
       Dungeon |   1089 |   1009 |     80 |    119 |    682 |   2 |  544.5 |
               +--------+--------+--------+--------+--------+-----+--------+

Top non-repeatable levels by time:
     D:1: 832 daAuts
     D:2: 256 daAuts
